 Dungeon Crawl Stone Soup version 0.28.0-53-g5a82cb258f (webtiles) character file.

Game seed: 15655178007051335504

22967 101zpm the Eclecticist (level 13, -6/71 HPs)
             Began as a Djinni Fire Elementalist on May 24, 2022.
             Was an Elder of Hepliaklqana.
             Mangled by a red ugly thing (15 damage)
             ... on level 12 of the Dungeon.
             The game lasted 00:54:46 (21661 turns).

101zpm the Eclecticist (Djinni Fire Elementalist)  Turns: 21661, Time: 00:54:47

Health: -6/71      AC:  5    Str: 12    XL:     13   Next: 31%
Gold:   904        EV: 13    Int: 21    God:    Hepliaklqana [****..] SH:  9 Dex: 15

rFire   . . .      SeeInvis .   m - +4 mace "Perimoin" {holy, Str+5}
rCold   + + .      Faith    .   S - +0 buckler
rNeg    . . .      Spirit   .   o - +1 robe {rC+}
rPois   ∞          Reflect  +   A - +0 helmet
rElec   .          Harm     .   R - +0 cloak
rCorr   .          Rampage  .   (no gloves)
Will    +....                   (boots unavailable)
Stlth   +++.......              O - amulet of reflection
HPRegen 0.21/turn               P - ring of ice
MPRegen 0.00/turn               J - ring of ice

@: flying
A: reduced essence, sickness immunity, fire resistance 2, cold vulnerability 1,
float, innate caster, HP casting, extra vitality 1
a: Renounce Religion, Recall Ancestor, Ancestor Identity, Transference, Idealise


You were on level 12 of the Dungeon.
You worshipped Hepliaklqana.
Hepliaklqana was greatly pleased with you.
You visited 3 branches of the dungeon, and saw 15 of its levels.
You also visited: Ossuary.

You collected 904 gold pieces.

Inventory:

Hand Weapons
 m - the +4 mace "Perimoin" (weapon) {holy, Str+5}
   (You took it off an orc on level 3 of the Dungeon)

   It has been blessed by the Shining One to cause great damage to the undead
   and demons.
   Str:       It affects your strength (+5).
Missiles
 C - 19 boomerangs
 D - 63 poisoned darts
 L - 2 curare-tipped darts
 V - 9 javelins
Armour
 o - a +1 robe of cold resistance (worn)
 A - a +0 helmet (worn)
 E - a +0 chain mail of willpower
 R - a +0 cloak (worn)
 S - a +0 buckler (worn)
Jewellery
 l - a ring of protection from fire
 J - a ring of ice (right hand)
 K - a +4 ring of slaying
 O - an amulet of reflection (around neck)
 P - a ring of ice (left hand)
Wands
 i - a wand of iceblast (11)
 s - a wand of flame (41)
 H - a wand of acid (11)
 M - a wand of digging (3)
 T - a wand of polymorph (4)
Scrolls
 b - 2 scrolls of enchant weapon
 c - 2 scrolls of amnesia
 f - a scroll of silence
 j - 2 scrolls of torment
 k - 2 scrolls of vulnerability
 n - 2 scrolls of holy word
 p - 8 scrolls of teleportation
 r - 3 scrolls of fog
 u - 3 scrolls of enchant armour {unknown}
 y - 7 scrolls of noise
 B - 3 scrolls of identify
 I - a scroll of immolation {unknown}
Potions
 a - a potion of cancellation {unknown}
 d - 3 potions of resistance {unknown}
 e - 3 potions of curing {unknown}
 g - 8 potions of degeneration
 h - 2 potions of heal wounds
 q - a potion of berserk rage {unknown}
 t - 2 potions of mutation {unknown}
 v - 4 potions of flight {unknown}
 w - a potion of lignification {unknown}
 x - a potion of ambrosia {unknown}
 z - a potion of magic {unknown}
 F - a potion of brilliance {unknown}
 G - 3 potions of attraction {unknown}
 N - a potion of haste {unknown}
Miscellaneous
 Q - a box of beasts
 U - a box of beasts


   Skills:
 + Level 2.3 Fighting
 + Level 2.6 Maces & Flails
 + Level 3.8 Dodging
 + Level 4.1 Stealth
 + Level 0.9 Shields
 + Level 15.7 Spellcasting


You had 10 spell levels left.
You knew the following spells:

 Your Spells              Type           Power      Damage    Failure   Level
a - Foxfire               Conj/Fire      100%       2x1d9     0%          1
b - Scorch                Fire           100%       2d10      0%          2
c - Conjure Flame         Conj/Fire      70%        6-21      1%          3
d - Inner Flame           Hex/Fire       70%        N/A       1%          3
e - Flame Wave            Conj/Fire      70%        2d13      1%          4
f - Pain                  Necr           100%       1d9       0%          1
g - Searing Ray           Conj           100%       2d8       0%          2
h - Teleport Other        Tloc           70%        N/A       1%          3
i - Summon Lightning Spi  Summ/Air       70%        N/A       1%          4
j - Irradiate             Conj/Tmut      35%        3d25      1%          5
k - Manifold Assault      Tloc           70%        N/A       1%          5
Your spell library was empty.

Dungeon Overview and Level Annotations

Branches:
Dungeon (13/15)            Temple (1/1) D:5            Lair (0/6) D:11
    Orc (1/2) D:9         Ossuary (visited)
 Vaults: D:13-14

Altars:
Cheibriados
Dithmenos
Elyvilon
Fedhas
Gozag
Hepliaklqana
Kikubaaqudgha
Makhleb
Nemelex Xobeh
Okawaru
Qazlal
Ru
Sif Muna
Trog
Vehumet
Wu Jian
Xom
Yredelemnul
Zin
The Shining One

Annotations:
D:6 2 runed translucent doors
D:8 1 runed translucent door
Orc:1 Harold


Innate Abilities, Weirdness & Mutations

Your life essence is reduced to manifest your ancestor. (-10% HP)
You are immune to sickness and miasma.
You are immune to poison.
Your flesh is very heat resistant. (rF++)
You are vulnerable to cold. (rC-)
You float through the air rather than walking.
You learn spells naturally, not from books.
Your magical power is your life essence.
You have superior vitality. (+4 MHP)


Message History

Done exploring.
Search for what [Enter for "jave", or ? for help]?
(D) Dungeon (T) Temple (L) Lair (O) Orcish Mines
Where to? (Enter - D:11 @ (x,y), ? - help)
What level of the Dungeon? (default 1, ? - help)
You swap places.
There is a stone staircase leading down here.
You fly downwards.
There is a stone staircase leading up here.
You swap places.
Things that are here:
a +0 chain mail; a +0 rapier
There is a stone staircase leading down here.
You fly downwards.
The red ugly thing is no longer more vulnerable to fire.
There is a stone staircase leading up here.
There are monsters nearby!
The red ugly thing bites you but does no damage.
The catoblepas breathes a plume of calcifying dust at you.
The blast of calcifying dust hits the red ugly thing!
The blast of calcifying dust hits you.
You fly upwards.
There is a stone staircase leading down here.
You conjure some foxfire!
The red ugly thing bites you.
You are engulfed in flames!!
Casting: Foxfire (safe; 0% risk of failure)
Confirm with . or Enter, or press ? or * to list all spells.
Flames lash the red ugly thing.
The red ugly thing resists.
The red ugly thing is lightly wounded.
The red ugly thing's fire resistance burns away.
The foxfire hits the red ugly thing!
The red ugly thing is moderately wounded.
Belanum hits the red ugly thing with a +0 quarterstaff!!
The red ugly thing bites you!
You are engulfed in flames!!
* * * LOW HITPOINT WARNING * * *
Belanum hits the red ugly thing with a +0 quarterstaff!
The red ugly thing bites you.
* * * LOW HITPOINT WARNING * * *
You are engulfed in flames!
You die...

##.###.#.#######.####<...#
# .......#.#####
#...##.#### #
.......#.....#####....# #
##.###...###..##....### #
##.#...#.###.....##.# #
##.#.###.....###.##.# #
##.#..........##..#.#
......#######.Ru#...#######
# ...#.##
###>@.........#######
####.# ####..#####........
#..# ##.##......#####
###.### #..#.####......
......# ##.#.# #######
......###############..# #
...........#....<.##R.##
......####.........[)##
####### ###......####


You could see the friendly Belanum the battlemage and a red ugly thing
(combustible, ally target).

Vanquished Creatures
  Fannar (D:10)
  A boulder beetle (D:12)
  6 two-headed ogres
  A death yak (D:12)
  3 skeletal warriors
  A deep elf pyromancer (D:12)
  An ugly thing (D:13)
  A manticore (D:12)
  2 unseen horrors
  3 rime drakes (D:12)
  A kobold demonologist (D:9)
  Grinder (D:3)
  Sigmund (D:3)
  15 yaks
  2 shadows
  2 wyverns
  A yak (shapeshifter) (D:11)
  2 steam dragons (D:10)
  2 vampire mosquitoes (D:12)
  A water moccasin (D:7)
  9 orc warriors
  An ice beast (D:8)
  A sky beast (D:7)
  3 black bears
  3 wolves (D:12)
  5 ogres
  8 kobold brigands
  A phantom (D:6)
  4 bullfrogs
  A two-headed ogre simulacrum (D:12)
  5 scorpions
  A water moccasin zombie (D:6)
  A wyvern skeleton (D:5)
  8 killer bees
  2 howler monkeys
  4 centaur zombies
  3 centaur skeletons
  3 human zombies (Ossuary)
  3 hounds
  2 jellies
  An orc priest (D:4)
  A gnoll shaman (D:7)
  10 orc wizards
  A polar bear simulacrum (D:12)
  A hound skeleton (D:5)
  2 mummies (Ossuary)
  Robin (D:3)
  8 adders
  10 gnolls
  A shadow imp (D:9)
  A white imp (D:12)
  2 worms
  4 dart slugs
  42 orcs
  7 endoplasms
  A giant cockroach (D:2)
  A gnoll zombie (Ossuary)
  11 goblins
  2 hobgoblins (D:3)
  3 jackals (D:3)
  38 kobolds
  2 quokkas
  3 ball pythons (D:2)
  6 bats
  A frilled lizard (D:2)
  2 hobgoblin zombies (Ossuary)
  6 kobold skeletons (D:9)
  7 kobold zombies (D:9)
  An orc zombie (Ossuary)
  A rat (D:1)
293 creatures vanquished.

Vanquished Creatures (collateral kills)
  A boulder beetle (D:11)
  A skeletal warrior (D:12)
  An orc knight (D:9)
  A gargoyle (D:12)
  A komodo dragon (D:11)
  An ice devil (D:12)
  A polar bear (D:12)
  A wraith (D:11)
  3 yaks
  A vampire mosquito (D:12)
  A death yak simulacrum (D:12)
  A warg (Orc:1)
  A harpy simulacrum (D:12)
  2 orc warriors (D:9)
  An ogre (D:7)
  A kobold brigand (D:8)
  2 killer bees (D:9)
  3 iron imps (D:6)
  2 orc priests
  An orc wizard (D:10)
  A howler monkey zombie (D:8)
  A shadow imp (D:9)
  2 white imps
  7 orcs
  3 kobolds (D:9)
  6 kobold zombies
  8 foxfires
55 creatures vanquished.

Vanquished Creatures (others)
  6 battlemagi
  1144 foxfires
  4 plants (D:11)
1154 creatures vanquished.

Grand Total: 1502 creatures vanquished

Notes
Turn   | Place    | Note
-------+----------+-------------------------------------------
     0 | D:1      | 101zpm the Djinni Fire Elementalist began the quest for the
                  | Orb.
     0 | D:1      | Reached XP level 1. HP: 15/15 MP: 0/0
   115 | D:1      | You are sucked into a shaft and drop 1 floor!
   115 | D:2      | Found a faded altar of an unknown god.
   224 | D:2      | Found an ornate altar of the Wu Jian Council.
   406 | D:3      | Noticed Sigmund
   925 | D:3      | Reached XP level 2. HP: 15/21 MP: 0/0
   999 | D:3      | Found a bloodstained altar of Trog.
  1005 | D:3      | Reached skill level 3 in Spellcasting
  1009 | D:3      | Reached XP level 3. HP: 18/25 MP: 0/0
  1009 | D:3      | Learned a level 1 spell: Pain
  1016 | D:3      | Noticed Robin
  2044 | D:2      | Reached XP level 4. HP: 28/31 MP: 0/0
  2920 | D:3      | Killed Robin
  3375 | D:3      | Identified the +4 mace "Perimoin" {holy, Str+5}
  3431 | D:3      | Reached XP level 5. HP: 26/35 MP: 0/0
  3431 | D:3      | Learned a level 2 spell: Searing Ray
  3445 | D:3      | Reached skill level 4 in Spellcasting
  3688 | D:4      | Reached XP level 6. HP: 20/40 MP: 0/0
  4023 | D:3      | Found an opulent altar of Gozag.
  4089 | D:3      | Noticed Grinder
  4095 | D:3      | Killed Grinder
  4096 | D:3      | Reached skill level 5 in Spellcasting
  4096 | D:3      | Reached XP level 7. HP: 36/45 MP: 0/0
  4096 | D:3      | Learned a level 3 spell: Teleport Other
  4443 | D:3      | Killed Sigmund
  4444 | D:3      | Reached skill level 6 in Spellcasting
  5162 | D:4      | Found an ornate altar of the Wu Jian Council.
  5240 | D:4      | Reached XP level 8. HP: 43/50 MP: 0/0
  5540 | D:5      | Entered Level 5 of the Dungeon
  5776 | D:5      | Reached skill level 7 in Spellcasting
  5860 | D:5      | Found a staircase to the Ecumenical Temple.
  5907 | Temple   | Entered the Ecumenical Temple
  6029 | Temple   | Became a worshipper of Hepliaklqana the Forgotten
  6414 | D:5      | Reached * piety under Hepliaklqana
  6806 | D:5      | Reached skill level 8 in Spellcasting
  7038 | D:6      | Found a sand-covered staircase.
  7043 | Ossuary  | Entered an ossuary
  7056 | Ossuary  | Reached XP level 9. HP: 43/49 MP: 0/0
  7056 | Ossuary  | Learned a level 4 spell: Summon Lightning Spire
  8318 | D:6      | Reached skill level 1 in Maces & Flails
  8579 | D:6      | Reached skill level 1 in Fighting
  8852 | D:6      | Found a large runed translucent door.
  8859 | D:6      | Found a large runed translucent door.
  9037 | D:6      | Noticed a two-headed ogre
  9043 | D:6      | Killed a two-headed ogre
  9044 | D:6      | Reached skill level 9 in Spellcasting
  9122 | D:6      | Found a shimmering altar of Xom.
  9128 | D:6      | Found a sacrificial altar of Ru.
  9128 | D:6      | Found a glowing golden altar of the Shining One.
  9426 | D:6      | Found a burning altar of Makhleb.
  9739 | D:7      | Reached XP level 10. HP: 33/57 MP: 0/0
  9902 | D:7      | Reached ** piety under Hepliaklqana
  9906 | D:7      | Remembered your ancestor Belanum as a battlemage
 10290 | D:7      | Noticed a two-headed ogre
 10297 | D:7      | Killed a two-headed ogre
 10298 | D:7      | Reached skill level 10 in Spellcasting
 10874 | D:8      | Found a sparkling altar of Nemelex Xobeh.
 11245 | D:8      | Found a runed translucent door.
 11249 | D:8      | Found a basalt altar of Yredelemnul.
 11493 | D:8      | Found a blossoming altar of Fedhas.
 12070 | D:9      | Reached skill level 11 in Spellcasting
 12481 | D:9      | Reached XP level 11. HP: 38/61 MP: 0/0
 12481 | D:9      | Learned a level 5 spell: Irradiate
 12677 | D:9      | Found a staircase to the Orcish Mines.
 13386 | D:9      | Reached skill level 12 in Spellcasting
 14527 | D:9      | Reached *** piety under Hepliaklqana
 14721 | D:10     | Entered Level 10 of the Dungeon
 15722 | D:10     | Noticed Fannar
 15730 | D:10     | Killed Fannar
 15868 | D:10     | Reached skill level 13 in Spellcasting
 16194 | D:12     | Noticed a deep elf pyromancer
 16206 | D:12     | Killed a deep elf pyromancer
 16363 | D:12     | Noticed a two-headed ogre
 16368 | D:12     | Killed a two-headed ogre
 16369 | D:12     | Reached XP level 12. HP: 56/66 MP: 0/0
 16746 | D:12     | Reached **** piety under Hepliaklqana
 16787 | D:12     | Noticed a two-headed ogre
 16792 | D:12     | Killed a two-headed ogre
 16841 | D:13     | Noticed a catoblepas
 16882 | D:12     | Noticed a boulder beetle
 16894 | D:12     | Killed a boulder beetle
 16895 | D:12     | Reached skill level 14 in Spellcasting
 17017 | D:12     | Noticed a skeletal warrior
 17017 | D:12     | Noticed a skeletal warrior
 17032 | D:12     | Noticed a skeletal warrior
 17313 | D:11     | Noticed a boulder beetle
 17324 | D:11     | Killed a boulder beetle
 17576 | D:11     | Noticed a two-headed ogre
 17587 | D:11     | Killed a two-headed ogre
 17958 | Orc:1    | Entered Level 1 of the Orcish Mines
 19192 | Orc:1    | Noticed Harold
 19335 | D:12     | Noticed a skeletal warrior
 19349 | D:12     | Killed a skeletal warrior
 19692 | D:11     | Found a staircase to the Lair.
 19929 | D:11     | Noticed a two-headed ogre
 19932 | D:11     | Killed a two-headed ogre
 19933 | D:11     | Reached skill level 15 in Spellcasting
 19984 | D:11     | Found an opulent altar of Gozag.
 20136 | D:11     | Killed a skeletal warrior
 20137 | D:11     | Reached XP level 13. HP: 40/71 MP: 0/0
 20137 | D:11     | Learned a level 5 spell: Manifold Assault
 20741 | D:12     | Found Itaiw's Assorted Antiques.
 21661 | D:12     | Mangled by a red ugly thing

Illustrated notes

Levels and vault maps discovered:
D:1:      dpeg_arrival_simpleton_c, layout_loops_ring
D:2:      layout_loops_corners, shapermc_ecumenical_altar_mp_highgroup,
          basic_altar, kennysheep_nub, serial_bayou_pond_b,
          grunt_decor_mini_mirrors, grunt_ministairs_7
D:3:      layout_rooms, nicolae_overflow_hidden_temple,
          mainiacjoe_overflow_paths, minmay_misc_feat_four_crosses,
          uniq_grinder, uniq_robin, uniq_sigmund
D:4:      layout_rooms, nzn_wu_jian_contemplation
D:5:      layout_gridville, led_sif_pool, minmay_temple_entry_grid
D:6:      layout_basic, jmf_multi_god_temple2, demons_altar,
          grunt_temple_overflow_open, enter_ossuary_2
D:7:      layout_rooms, serial_bayou_crossing
D:8:      layout_basic, dk_yredelemnul_ordeal, amcnicky_altar_gilded,
          fedhas_altar_1
D:9:      wander_kiku_kobolds, layout_cave_pods, orc_0_dummy
D:10:     layout_stronghold, uniq_fannar
D:11:     layout_loops_ring, david_lair_shrubbed,
          nicolae_gozag_cash_rules_everything_around_me
D:12:     dreamdust_isle_of_ice, layout_rooms, serial_shops,
          nicolae_shop_temple_entry_statues_fountains
D:13:     layout_basic
Temple:   kb_temple_of_zot
Orc:1:    layout_caves, uniq_harold

Skill      XL: |  1  2  3  4  5  6  7  8  9 10 11 12 13 |
---------------+----------------------------------------+-----
Spellcasting   | 3 4 5 6 8 9 11 13 15 | 15.7
Stealth        | 2 3 4 |  4.1
Maces & Flails | 2 |  2.6
Fighting       | 1 2 |  2.3
Dodging        | 3 |  3.8
Shields        | |  0.9

Action                   |  1- 3 |  4- 6 |  7- 9 | 10-12 | 13-15 || total
-------------------------+-------+-------+-------+-------+-------++-------
Melee: Mace              |       |       |    30 |       |       ||    30
 Cast: Foxfire           |    75 |    85 |   190 |   324 |    47 ||   721
       Scorch            |     1 |    25 |    23 |    93 |     8 ||   150
       Inner Flame       |       |     3 |    49 |   153 |    20 ||   225
       Summon Lightning  |       |       |     6 |    14 |     7 ||    27
       Flame Wave        |       |       |       |     1 |       ||     1
Invok: Ancestor Life: Ba |       |       |       |     1 |       ||     1
       Recall Ancestor   |       |       |       |     2 |       ||     2
  Use: Scroll            |       |       |     6 |     3 |     1 ||    10
Armor: Robe              |       |     1 |       |     6 |     1 ||     8
Dodge: Dodged            |       |     8 |    17 |    30 |       ||    55
Block: Other             |       |       |       |     8 |       ||     8
       Reflection        |       |       |       |     2 |       ||     2
       Buckler           |       |       |       |     1 |       ||     1
